 Dungeon Crawl Stone Soup version 0.28.0-53-g5a82cb258f (webtiles) character file.

Game seed: 17926175727064239829

4999 Zeld the Fighter (level 10, -1/84 HPs)
             Began as a Formicid Fighter on May 21, 2022.
             Was a Follower of Uskayaw.
             Killed by divine providence
             ... invoked by a meliai
              (13 damage)
             ... on level 9 of the Dungeon.
             The game lasted 00:09:11 (11328 turns).

Zeld the Fighter (Formicid Fighter)                Turns: 11328, Time: 00:09:11

Health: -1/84      AC: 17    Str: 28    XL:     10   Next: 83%
Magic:  10/10      EV:  8    Int:  8    God:    Uskayaw [*.....]
Gold:   329        SH:  5    Dex: 10    Spells: 9/9 levels left

rFire   . . .      SeeInvis +   l - +4 rapier "Koci" {venom, rElec Will- Str+3}
rCold   . . .      Faith    .   q - +0 buckler
rNeg    . . .      Spirit   .   b - +0 plate armour
rPois   +          Reflect  .   (helmet unavailable)
rElec   +          Harm     .   E - +0 cloak {Stlth+}
rCorr   .          Rampage  .   y - +0 pair of gloves
Will    .....                   v - +0 pair of boots
Stlth   ..........              (no amulet)
HPRegen 0.24/turn               o - ring of Waketet {Wiz rPois Stlth+}
MPRegen 0.12/turn               (no ring)

@: no status effects
A: permanent stasis, dig shafts and tunnels, antennae 3, four strong arms
a: Dig, Shaft Self, Renounce Religion, Stomp


You were on level 9 of the Dungeon.
You worshipped Uskayaw.
Uskayaw was noncommittal.
You visited 2 branches of the dungeon, and saw 10 of its levels.

You collected 359 gold pieces.
You spent 30 gold pieces at shops.

Inventory:

Hand Weapons
 a - a +0 war axe
 l - the +4 rapier "Koci" (weapon) {venom, rElec Will- Str+3}
   (You found it on level 3 of the Dungeon)

   It poisons the flesh of those it strikes.
   Str:       It affects your strength (+3).
   rElec:     It insulates you from electricity.
   Will:      It decreases your willpower.
Armour
 b - a +0 plate armour (worn)
 q - a +0 buckler (worn)
 v - a +0 pair of boots (worn)
 y - a +0 pair of gloves (worn)
 E - a +0 cloak of stealth (worn)
Jewellery
 o - the ring of Waketet (left hand) {Wiz rPois Stlth+}
   (You found it on level 4 of the Dungeon)

   [ring of wizardry]

   It improves your spell success rate.
   rPois:     It protects you from poison.
   Stlth:     It makes you more stealthy.
Wands
 w - a wand of polymorph (5)
 F - a wand of mindburst (8)
Scrolls
 g - 2 scrolls of silence
 k - 4 scrolls of fog {unknown}
 m - 3 scrolls of magic mapping {unknown}
 r - a scroll of brand weapon {unknown}
 s - 2 scrolls of enchant armour {unknown}
 t - a scroll of fear {unknown}
 u - a scroll of vulnerability {unknown}
 A - a scroll of enchant weapon {unknown}
 C - a scroll of acquirement {unknown}
 D - a scroll of immolation {unknown}
Potions
 c - a potion of heal wounds
 d - a potion of might
 e - 6 potions of curing
 f - 2 potions of magic {unknown}
 j - a potion of lignification {unknown}
 n - 2 potions of degeneration {unknown}
 p - a potion of brilliance {unknown}
 x - 4 potions of flight {unknown}
 B - a potion of berserk rage {unknown}


   Skills:
 * Level 9.6 Fighting
 * Level 8.4 Axes
 + Level 7.1 Armour
 + Level 5.1 Dodging
 + Level 7.7 Shields


You had 9 spell levels left.
You didn't know any spells.
Your spell library was empty.

Dungeon Overview and Level Annotations

Branches:
Dungeon (9/15)             Temple (1/1) D:4            Lair (0/6) D:8
    Orc: D:9-12

Altars:
Ashenzari
Cheibriados
Dithmenos
Elyvilon
Fedhas
Hepliaklqana
Kikubaaqudgha
Makhleb
Nemelex Xobeh
Okawaru
Qazlal
Ru
Sif Muna
Trog
Uskayaw
Wu Jian
Xom
Yredelemnul
Zin
The Shining One

Shops:
D:8 **


Innate Abilities, Weirdness & Mutations

You cannot be hasted, slowed, berserked, paralysed or teleported.
You can dig through walls and to a lower floor.
You have a pair of large antennae on your head. (SInv)
Your four strong arms can wield two-handed weapons with a shield.


Message History

You kill the kobold!
Okay, then.
Things that are here:
a +0 short sword; 7 poisoned darts; a kobold corpse
Items here: (( )))) ††.
You see here 18 stones.
A meliai comes into view. It is wielding a +0 hand axe.
A meliai is nearby!
Found a glowing lajatang.
A meliai comes into view.
It is wielding a +2 hand axe of freezing.
Found an escape hatch in the ceiling.
The meliai hits you with a +0 hand axe!
The meliai stings you but does no damage.
The meliai hits you with a +0 hand axe. The meliai completely misses you.
You closely miss the meliai. The meliai hits you but does no damage.
The meliai stings you but does no damage.
The meliai hits you with a +0 hand axe. The meliai stings you.
You barely miss the meliai. You block the meliai's attack.
The meliai stings you. You block the meliai's attack.
The meliai stings you but does no damage.
The meliai hits you but does no damage.
The meliai stings you but does no damage.
You hit the meliai.
The meliai is poisoned.
The meliai is lightly wounded.
The meliai hits you with a +2 hand axe of freezing!
The meliai freezes you. You block the meliai's attack.
The meliai barely misses you. The meliai stings you.
The meliai hits you with a +2 hand axe of freezing!
The meliai freezes you.
The meliai stings you but does no damage.
The meliai barely misses you. The meliai stings you.
The meliai mumbles some strange prayers to its god against you.
Something smites you!
* * * LOW HITPOINT WARNING * * *
The meliai hits you with a +0 hand axe!
* * * LOW HITPOINT WARNING * * *
The meliai stings you but does no damage.
Are you sure you want to shaft yourself?
The meliai invokes the aid of its god against you.
Something smites you!
You die...

##......< #.
##..)....# ##.
#........# #.#
##.......# ##.#
#........# ##.##
#...... #..#
#....# ##.##
##.yy# #.##
#...@##### ##.#
#........######.##
#####.......().)#
####.....))##
####....# ###.##
#.# #.# ..#


You could see 2 meliai.

Vanquished Creatures
  Pikel (D:4)
  A hornet (D:8)
  Sigmund (D:6)
  A wyvern (D:8)
  3 steam dragons
  Edmund (D:5)
  3 wargs (D:8)
  Duvessa (D:4)
  2 orc warriors
  3 black bears
  A sky beast (D:3)
  A necrophage (D:8)
  2 ogres (D:6)
  2 phantoms
  Blork the orc (D:6)
  A kobold brigand (D:9)
  3 bullfrogs
  A gnoll sergeant (D:9)
  A wyvern skeleton (D:7)
  2 scorpions
  A water moccasin skeleton (D:4)
  A water moccasin zombie (D:5)
  Dowan (D:4)
  4 wights (D:4)
  4 howler monkeys
  3 centaur zombies
  A gnoll shaman (D:7)
  3 hounds
  2 bullfrog skeletons
  A jelly (D:5)
  Crazy Yiuf (D:7)
  5 orc priests
  A centaur skeleton (D:4)
  3 iguanas
  7 orc wizards
  A howler monkey zombie (D:4)
  7 gnolls
  10 adders
  2 howler monkey skeletons
  6 river rats (D:4)
  A white imp (D:3)
  An ufetubus (D:7)
  4 worms (D:4)
  4 dart slugs
  31 orcs
  7 ball pythons
  4 endoplasms
  4 giant cockroaches
  5 goblins
  4 hobgoblins
  10 kobolds
  3 quokkas
  3 bats
  A frilled lizard (D:2)
  11 rats
189 creatures vanquished.

Vanquished Creatures (others)
  A fungus (D:7)
1 creature vanquished.

Grand Total: 190 creatures vanquished

Notes
Turn   | Place    | Note
-------+----------+-------------------------------------------
     0 | D:1      | Zeld the Formicid Fighter began the quest for the Orb.
     0 | D:1      | Reached XP level 1. HP: 18/18 MP: 1/1
   286 | D:1      | Reached XP level 2. HP: 17/22 MP: 2/2
   865 | D:1      | Found a faded altar of an unknown god.
  1151 | D:2      | Reached XP level 3. HP: 30/30 MP: 3/3
  1345 | D:2      | Found a shimmering altar of Xom.
  1675 | D:3      | Reached skill level 4 in Fighting
  1708 | D:3      | Found a blossoming altar of Fedhas.
  1789 | D:3      | Reached XP level 4. HP: 37/37 MP: 4/4
  1972 | D:3      | Found a stormy altar of Qazlal.
  2043 | D:3      | Identified the +4 rapier "Koci" {venom, rElec Will- Str+3}
  2302 | D:3      | Noticed a sky beast
  2307 | D:3      | Killed a sky beast
  2308 | D:3      | Reached skill level 1 in Dodging
  2308 | D:3      | Reached XP level 5. HP: 43/43 MP: 5/5
  2896 | D:4      | Found a staircase to the Ecumenical Temple.
  2907 | D:4      | Reached XP level 6. HP: 47/49 MP: 6/6
  3063 | D:4      | Reached skill level 5 in Fighting
  3366 | D:4      | Noticed Duvessa
  3367 | D:4      | Noticed Dowan
  3380 | D:4      | Killed Duvessa
  3381 | D:4      | Reached XP level 7. HP: 40/56 MP: 7/7
  3403 | D:4      | Killed Dowan
  3405 | D:4      | Identified the ring of Waketet {Wiz rPois Stlth+}
  3782 | Temple   | Entered the Ecumenical Temple
  3804 | Temple   | Became a worshipper of Uskayaw the Reveller
  3817 | D:4      | Found a shimmering altar of Xom.
  3862 | D:4      | Reached * piety under Uskayaw
  3865 | D:4      | Reached ** piety under Uskayaw
  3923 | D:4      | Reached skill level 5 in Shields
  3928 | D:4      | Reached *** piety under Uskayaw
  4196 | D:4      | Noticed Pikel
  4218 | D:4      | Killed Pikel
  4219 | D:4      | Reached skill level 6 in Fighting
  4219 | D:4      | Reached skill level 5 in Axes
  4219 | D:4      | Reached skill level 5 in Armour
  4219 | D:4      | Reached XP level 8. HP: 56/65 MP: 8/8
  4754 | D:5      | Entered Level 5 of the Dungeon
  5168 | D:5      | Noticed Edmund
  5178 | D:5      | Killed Edmund
  5179 | D:5      | Reached skill level 7 in Fighting
  5179 | D:5      | Reached XP level 9. HP: 37/72 MP: 9/9
  5611 | D:5      | Found a hazy altar of Hepliaklqana.
  7100 | D:6      | Noticed Sigmund
  7118 | D:6      | Killed Sigmund
  7118 | D:6      | Reached **** piety under Uskayaw
  7119 | D:6      | Reached skill level 8 in Fighting
  7337 | D:6      | Noticed Blork the orc
  7347 | D:6      | Killed Blork the orc
  7535 | D:6      | Found an iron altar of Okawaru.
  7758 | D:6      | Reached XP level 10. HP: 69/82 MP: 10/10
  8230 | D:7      | Identified the +0 quarterstaff "Impbane" {freeze, Will+}
  8851 | D:7      | Reached skill level 9 in Fighting
  9143 | D:7      | Found a runed translucent door.
  9144 | D:7      | Noticed Crazy Yiuf
  9152 | D:7      | Killed Crazy Yiuf
  9297 | D:8      | Reached ***** piety under Uskayaw
  9554 | D:8      | Found a staircase to the Lair.
  9583 | D:8      | Found Uxeeq's General Store.
  9585 | D:8      | Found Vebuq's Specific Store.
  9602 | D:8      | Bought a scroll of identify for 30 gold pieces
 10002 | D:8      | Reached skill level 5 in Dodging
 11328 | D:9      | Killed from afar by a meliai

Illustrated notes

Levels and vault maps discovered:
D:1:      dpeg_arrival_water_fire, layout_loops_ring, serial_glass,
          glass_columns_c, glass_columns_a, glass_columns_b, glass_columns_c,
          glass_columns_a, glass_columns_c, dilly_ecumenical_altar_fadedgnrine,
          minivault_27, minmay_unequal
D:2:      layout_loops_cross, basic_altar
D:3:      layout_basic, grunt_temple_overflow_forces_of_nature,
          minmay_increasing_density
D:4:      layout_basic, mainiacjoe_overflow_paths,
          minmay_temple_entry_steel_oval, lightli_sewer_entry_pipes,
          glass_columns_b, uniq_pikel, uniq_duvessa
D:5:      layout_cave_pods, mainiacjoe_overflow_alcove_2, uniq_edmund
D:6:      layout_loops_cross, okawaru_altar_gauntlet_db, uniq_blork_the_orc,
          uniq_sigmund
D:7:      layout_gridville, uniq_crazy_yiuf_cottage
D:8:      layout_loops_ring, erik_lair_orcish_takeover, st_stairs_8,
          nicolae_specific_store, lightli_orcish_oven
D:9:      layout_cave_pods, amethyst_overflow_temple_binary, nicolae_good_shop,
          uniq_grum, uniq_erolcha
Temple:   minmay_freezing_vapour_temple

Skill      XL: |  1  2  3  4  5  6  7  8  9 10 |
---------------+-------------------------------+-----
Fighting       | 4 5 6 7 8 9 |  9.6
Shields        | 4 5 6 7 |  7.7
Axes           | 3 4 5 7 8 |  8.4
Dodging        | 1 2 3 4 5 |  5.1
Armour         | 4 5 6 7 |  7.1

Action                   |  1- 3 |  4- 6 |  7- 9 | 10-12 || total
-------------------------+-------+-------+-------+-------++-------
Melee: War axe           |    50 |    26 |       |       ||    76
       Rapier            |       |    66 |   277 |   239 ||   582
 Abil: Dig               |     3 |       |       |       ||     3
       Shaft Self        |       |       |       |     1 ||     1
  Use: Scroll            |       |       |       |     3 ||     3
 Stab: Paralysed         |       |       |     7 |     5 ||    12
Armor: Scale mail        |    32 |    12 |       |       ||    44
       Plate armour      |       |    23 |   203 |   238 ||   464
Dodge: Dodged            |    18 |    28 |   121 |   130 ||   297
Block: Buckler           |    11 |    18 |    82 |   101 ||   212
